Match 45449493
Unlisted

Match 45449493
End
Selects Italian Combined Arms Battlegroup
Selects Bersaglieri Squad
Bersaglieri Squad
250 Light Carrier
Bersaglieri Squad
Construct Light Support Kompanie
Bersaglieri Squad
Fire Support Elements
Selects Bersaglieri Bolster
MG34 Team
Panzerjäger Mechanized Group
Selects Breda Model 30 Light Machine Guns
Construct Panzerarmee Kommand
Walking Stuka Rocket Launcher
Panzer III L Medium Tank
Selects Semovente da 75/18 Assault Gun
Flakvierling Half-track
Selects Strafing Run
Vehicle Survival Package
Nefris
rmsi
Vishnevelatte
FoxOnTheFront
From Voodoo to Zen
A Sassy Badger
Not Emily Willis™
Jimm-e
0
0

Comments sign in to comment!

No comments posted yet!